 Dungeon Sprint DCSS version 0.18.1-48-g4cf74bf (webtiles) character file.

1003 Criton the Covert (level 8, -14/36 HPs)
             Began as a Spriggan Enchanter on July 7, 2016.
             Was a Believer of Okawaru.
             Killed by an exploding giant spore (16 damage)
             ... in the Dungeon (Sprint I: "Red Sonja").
             The game lasted 00:08:25 (441 turns).

Criton the Covert (Spriggan Enchanter)               Turns: 441, Time: 00:08:25

Health: -14/36     AC:  3    Str:  6    XL:     8   Next: 0%
Magic:  23/23      EV: 18    Int: 16    God:    Okawaru [**....]
Gold:   418        SH:  0    Dex: 17    Spells: 2 memorised, 24 levels left

rFire  . . .     SeeInvis +     m - +0 blowgun
rCold  . . .     Gourm    .     b - +1 robe
rNeg   . . .     Faith    .     (shield restricted)
rPois  .         Spirit   .     (helmet restricted)
rElec  .         Dismiss  .     (no cloak)
rCorr  .         Reflect  .     (gloves unavailable)
SustAt .         Harm     .     (boots unavailable)
MR     +....     NoTele   +     (no amulet)
Stlth  +++.......               (no ring)
                                (no ring)

@: confused, very quick, somewhat resistant to hostile enchantments, fairly
stealthy
A: unfitting armour, see invisible, herbivore 3, speed 3, slow metabolism 2
a: Heroism, Renounce Religion


You were in the Dungeon.
You worshipped Okawaru.
Okawaru was pleased with you.
You were not hungry.

You visited 1 branch You collected 418 gold pieces.

Inventory:

Hand Weapons
 a - a +1 dagger
 m - a +0 blowgun (weapon)
 n - a +0 short sword of venom
Missiles
 o - 5 curare-tipped needles (quivered)
Armour
 b - a +1 robe (worn)
 k - a cursed +0 scale mail
Wands
 l - a wand of iceblast (12/15)
Scrolls
 g - a scroll of identify {unknown}
 j - a scroll of blinking
Potions
 e - a potion of curing
 f - a potion of heal wounds
 h - 2 potions of magic
 i - a potion of berserk rage
Books
 c - a book of Maledictions

   Spells                             Type                      Level
   a - Corona                         Hexes                        1
   b - Ensorcelled Hibernation        Hexes/Ice                    2
   c - Confuse                        Hexes                        3
   d - Tukima's Dance                 Hexes                        3
   e - Dazzling Spray                 Conjuration/Hexes            3
Comestibles
 d - a bread ration


   Skills:
 - Level 9.0 Short Blades
 - Level 3.0 Dodging
 - Level 14.2 Stealth
 + Level 10.8 Spellcasting
 + Level 11.0 Hexes


You had 24 spell levels left.
You knew the following spells:

 Your Spells              Type           Power        Failure   Level  Hunger
a - Corona                Hex            #####..      1%          1    None
b - Tukima's Dance        Hex            #####...     1%          3    None


Dungeon Overview and Level Annotations

Branches:
Dungeon (1/1)

Altars:
Elyvilon
Gozag
Kikubaaqudgha
Makhleb
Nemelex Xobeh
Okawaru
Pakellas
Qazlal
Ru
Sif Muna
Trog
Vehumet
Xom
Yredelemnul
Zin
The Shining One

Shops:
D ([


Innate Abilities, Weirdness & Mutations

You are tiny and cannot use many weapons and most armour.
You have supernaturally acute eyesight.
You are a herbivore.
You cover ground extremely quickly.
You need consume almost no food.


Message History

Press: ? - help, Shift-Dir - straight line, f - giant spore
Aim: a giant spore (resting)
You shoot a curare-tipped needle.
The curare-tipped needle hits the giant spore.
The giant spore waves its rhizomes.
A ballistomycete grows in the wake of the giant spore.
There is an open door here.
A ballistomycete grows in the wake of the giant spore.
There is a deep blue altar of Sif Muna here.
There is an open door here.
The giant spore explodes!
The explosion of spores engulfs you!
You are confused.
Ouch! That really hurt!
* * * LOW HITPOINT WARNING * * *
The explosion of spores engulfs the giant spore.
The giant spore explodes!
The explosion of spores engulfs you!
You are more confused.
You die...

################
#<.#..'..#.)@..#
#..)..#.)'..#..+
#..#####'#####'#
#..####..#...#.#
#..#__####..##.#
#..#_.___##'#..+
#⌠⌠#_.∩..†'..._#
####_..._##_.#'#
#_____###'#.#


There were no monsters in sight!

Vanquished Creatures
  Sonja (D)
  Sigmund (D)
  A yak (D)
  An ogre (D)
  A jelly (D)
  Ijyb (D)
6 creatures vanquished.

Notes
Turn   | Place    | Note
--------------------------------------------------------------
     0 | D        | Criton the Spriggan Enchanter began the quest for the Orb.
     0 | D        | Reached XP level 1. HP: 9/9 MP: 5/5
     2 | D        | Noticed Ijyb
    32 | D        | Killed Ijyb
    32 | D        | Reached skill level 10 in Stealth
    32 | D        | Reached XP level 2. HP: 5/13 MP: 4/6
   238 | D        | Noticed an ogre
   242 | D        | Killed an ogre
   242 | D        | Reached skill level 14 in Stealth
   242 | D        | Reached XP level 3. HP: 16/16 MP: 8/8
   242 | D        | Reached XP level 4. HP: 21/21 MP: 9/9
   244 | D        | Noticed Sigmund
   248 | D        | Killed Sigmund
   248 | D        | Reached XP level 5. HP: 24/24 MP: 10/10
   276 | D        | Found a deep blue altar of Sif Muna.
   278 | D        | Found a radiant altar of Vehumet.
   284 | D        | Reached XP level 6. HP: 28/28 MP: 10/12
   298 | D        | Found Astrask's Armour Emporium.
   298 | D        | Found a white marble altar of Elyvilon.
   298 | D        | Found a stormy altar of Qazlal.
   298 | D        | Found a burning altar of Makhleb.
   298 | D        | Found a sacrificial altar of Ru.
   298 | D        | Found an oddly glowing altar of Pakellas.
   298 | D        | Found a basalt altar of Yredelemnul.
   298 | D        | Found a glowing golden altar of the Shining One.
   298 | D        | Found a sparkling altar of Nemelex Xobeh.
   298 | D        | Found a shimmering altar of Xom.
   298 | D        | Found an opulent altar of Gozag.
   298 | D        | Found an ancient bone altar of Kikubaaqudgha.
   298 | D        | Found a glowing silver altar of Zin.
   298 | D        | Noticed a yak
   299 | D        | Found an iron altar of Okawaru.
   300 | D        | Killed a yak
   301 | D        | Found a bloodstained altar of Trog.
   306 | D        | Became a worshipper of Warmaster Okawaru
   322 | D        | Learned a level 3 spell: Tukima's Dance
   351 | D        | Noticed Sonja
   355 | D        | Killed Sonja
   355 | D        | Reached * piety under Okawaru
   355 | D        | Reached ** piety under Okawaru
   355 | D        | Reached skill level 10 in Spellcasting
   355 | D        | Reached XP level 7. HP: 32/32 MP: 17/22
   355 | D        | Reached XP level 8. HP: 36/36 MP: 17/23
   398 | D        | Found Catir's Weapon Boutique.
   441 | D        | Killed by an exploding giant spore

Skill      XL: |  1  2  3  4  5  6 |
---------------+-------------------+-----
Stealth        | 10 14 | 14.2
Short Blades   | 9 |  9.0
Spellcasting   | 3 10 | 10.8
Hexes          | 4 11 | 11.0
Dodging        | |  3.0

Action                   |  1- 3 |  4- 6 |  7- 9 || total
-------------------------+-------+-------+-------++-------
Melee: Dagger            |    28 |     4 |       ||    32
 Fire: Blowgun           |       |       |     1 ||     1
 Cast: Corona            |     2 |       |       ||     2
  Use: Potion            |     1 |       |       ||     1
 Stab: Sleeping          |     1 |     4 |       ||     5
Armor: Robe              |     1 |       |       ||     1
Dodge: Dodged            |     9 |       |       ||     9
